Map: Orbital Shipyard

Players

Hades

  • Race: Terran Terran
  • League: Grandmaster

MythiC - Winner!

  • Race: Terran Terran
  • League: Grandmaster

VOD

Have the link to the VOD?

Description

Time

  • Played on: Nov. 18, 2015, 1:47 p.m.
  • Length: 2:41
Show
View Real Time Build Order
Export as new Build Order

Hades Terran 

Build Orders:  

Get SALT Encoding   

  12  0:09  Supply Depot  
  12  0:18  Refinery  
  12  0:35  Barracks  
  12  0:53  Barracks  
  12  1:00  SCV  
  13  1:12  SCV  
  14  1:23  Reaper  
  15  1:33  Orbital Command  
  15  1:41  Reaper  
  15  1:57  Reaper  
  15  1:59  SCV  
  17  2:11  SCV  
  17  2:13  Marine  
  18  2:23  SCV  
  20  2:32  Supply Depot  
Show
View Real Time Build Order
Export as new Build Order

MythiC Terran - Winner!

Build Orders:  

Get SALT Encoding   

  12  0:00  SCV  
  13  0:13  SCV  
  14  0:17  Supply Depot  
  14  0:25  SCV  
  15  0:32  Refinery  
  15  0:39  SCV  
  16  0:45  Barracks  
  16  0:51  SCV  
  17  1:03  SCV  
  18  1:15  SCV  
  19  1:32  Orbital Command, Marine  
  20  1:35  Refinery, Factory  
  20  1:55  Marine  
  20  1:57  Supply Depot  
  20  1:58  SCV  
  22  2:11  SCV  
  22  2:12  Marine  
  22  2:22  Factory Tech Lab  
  22  2:35  Supply Depot  
Tags
 
Add a new tag
Caveats
  • Supply blocks, unpowered buildings, or Contaminate may cause inaccurate times.
  • Supply counts are checked every 10 seconds.